 Dungeon Sprint DCSS version 0.27-a0-79-gcaaa221d37 (webtiles) character file.

Game seed: 9081868943942313961

884 rocky1 the Geomancer (level 7, -3/50 HPs)
             Began as a Red Draconian Earth Elementalist on Jan 15, 2021.
             Was a High Priest of Sif Muna.
             Slain by a merfolk
             ... wielding a +0 trident
              (8 damage)
             ... in the Dungeon (Sprint VII: "The Pits").
             The game lasted 00:04:44 (879 turns).

rocky1 the Geomancer (DrEE)                          Turns: 879, Time: 00:04:45

Health: -3/50      AC:  6    Str: 10    XL:     7   Next: 76%
Magic:  9/19       EV: 12    Int: 17    God:    Sif Muna [*****.]
Gold:   0          SH:  0    Dex: 12    Spells: 11/24 levels left

rFire    + . .     SeeInvis .   n - +0 quarterstaff (protect)
rCold    . . .     Faith    .   (shield currently unavailable)
rNeg     . . .     Spirit   .   (armour unavailable)
rPois    .         Reflect  .   (helmet restricted)
rElec    .         Harm     .   (no cloak)
rCorr    .         Rampage  .   (no gloves)
Will     .....     NoTele   +   (no boots)
Stlth    ++........             (no amulet)
HPRegen  0.16/turn              (no ring)
MPRegen  0.16/turn              (no ring)

@: no status effects
A: breathe fire, unfitting armour, fire resistance 1, cold-blooded, AC +6
a: Breathe Fire, Renounce Religion, Channel Magic, Forget Spell, Divine Exegesis


You were in the Dungeon.
You worshipped Sif Muna.
Sif Muna was extremely pleased with you.
You visited 1 branch

Inventory:

Hand Weapons
 l - a +2 hand axe
 m - a +2 vorpal hand axe
 n - a +0 quarterstaff of protection (weapon)
Missiles
 b - 27 stones
Scrolls
 h - a scroll of blinking
 i - 3 scrolls of remove curse
 j - 5 scrolls of amnesia
 k - a scroll of summoning
Potions
 a - 2 potions of invisibility
 c - 6 potions of curing
 d - 6 potions of heal wounds
 e - a potion of haste
 f - 4 potions of magic
 g - 3 potions of berserk rage


   Skills:
 - Level 1.7 Dodging
 - Level 1.7 Stealth
 + Level 9.2 Spellcasting
 - Level 1.0 Transmutations
 + Level 13.8 Earth Magic
 + Level 0.0 Invocations


You had 11 spell levels left.
You knew the following spells:

 Your Spells              Type           Power        Failure   Level
a - Sandblast             Erth           100%         1%          1
b - Stone Arrow           Conj/Erth      62%          1%          3
c - Lee's Rapid Deconstr  Erth           26%          1%          5
d - Petrify               Tmut/Erth      33%          4%          4

Your spell library contained the following spells:

 Spells                   Type           Power        Failure   Level
 Passwall                 Tmut/Erth      27%          1%          2
 Beastly Appendage        Tmut           22%          6%          1
 Wereblood                Tmut           11%          10%         2
 Spider Form              Tmut/Pois      4%           22%         3
 Ice Form                 Ice/Tmut       9%           58%         4
 Blade Hands              Tmut           5%           86%         5


Dungeon Overview and Level Annotations

Branches:
Dungeon (1/1)

Altars:
Ashenzari
Cheibriados
Dithmenos
Elyvilon
Fedhas
Gozag
Hepliaklqana
Kikubaaqudgha
Makhleb
Nemelex Xobeh
Okawaru
Qazlal
Ru
Sif Muna
Trog
Uskayaw
Vehumet
Wu Jian
Xom
Yredelemnul
Zin
The Shining One
Beogh
Jiyva
Lugonu


Innate Abilities, Weirdness & Mutations

You can breathe blasts of fire.
Your fiery red scales are hard. (AC +6)
You cannot fit into any form of body armour.
Your flesh is heat resistant. (rF+)
You are cold-blooded and may be slowed by cold attacks.


Message History

Press: ? - help, Dir - move target A metal wall.
The metal wall shatters!
The blast of metal fragments hits the merfolk!
The merfolk is moderately wounded.
You hear a shout!
You hear a howl!
The merfolk hits you from afar with a +0 trident!!
* * * LOW HITPOINT WARNING * * *
You hear a howl!
You hear a shout!
You hear a howl! x2; You hear a shout!
Casting: Lee's Rapid Deconstruction (dangerous; 1% risk of failure)
Confirm with . or Enter, or press ? or * to list all spells.
Aiming: Lee's Rapid Deconstruction (dangerous; 1% risk of failure)
Press: ? - help, Dir - move target A metal wall.
The metal wall shatters!
The blast of metal fragments hits the merfolk!!
The merfolk is severely wounded.
You hear a howl!
The merfolk hits you from afar with a +0 trident!
You die...

#[#..#[.)).##.......#
#'###########.......#
#..#.#.## #########
#.......# ##.#.#.##
#.[.....#+#
##.#.#.##m+
#...[...#'#
##.#.#.('@#
##########


You could see a merfolk.

Vanquished Creatures
  A deep elf mage (D)
  A fire bat (D)
  A water moccasin (D)
  A centaur (D)
  An orc priest (D)
  2 orc wizards (D)
  A worker ant (D)
  A gnoll (D)
  An ufetubus (D)
  3 oozes (D)
  A worm (D)
  2 orcs (D)
  2 giant cockroaches (D)
  2 rats (D)
20 creatures vanquished.

Notes
Turn   | Place    | Note
-------+----------+-------------------------------------------
     0 | D        | rocky1 the Draconian Earth Elementalist began the quest for
                  | the Orb.
     0 | D        | Reached XP level 1. HP: 14/14 MP: 3/3
    15 | D        | Reached skill level 4 in Earth Magic
    42 | D        | Found a bloodstained altar of Trog.
    42 | D        | Found a shimmering blue altar of Sif Muna.
    42 | D        | Found a viscous altar of Jiyva.
    42 | D        | Found a hazy altar of Hepliaklqana.
    42 | D        | Found an opulent altar of Gozag.
    43 | D        | Found a glowing golden altar of the Shining One.
    43 | D        | Found a glowing silver altar of Zin.
    43 | D        | Found a basalt altar of Yredelemnul.
    43 | D        | Found a shimmering altar of Xom.
    43 | D        | Found an ornate altar of the Wu Jian Council.
    43 | D        | Found a sacrificial altar of Ru.
    43 | D        | Found a stormy altar of Qazlal.
    43 | D        | Found an iron altar of Okawaru.
    43 | D        | Found a sparkling altar of Nemelex Xobeh.
    43 | D        | Found a burning altar of Makhleb.
    43 | D        | Found a blossoming altar of Fedhas.
    43 | D        | Found a white marble altar of Elyvilon.
    43 | D        | Found a shadowy altar of Dithmenos.
    43 | D        | Found a snail-covered altar of Cheibriados.
    45 | D        | Found a radiant altar of Vehumet.
    45 | D        | Found a corrupted altar of Lugonu.
    45 | D        | Found a roughly hewn altar of Beogh.
    46 | D        | Found a hide-covered altar of Uskayaw.
    46 | D        | Found an ancient bone altar of Kikubaaqudgha.
    46 | D        | Found a broken altar of Ashenzari.
    78 | D        | Became a worshipper of Sif Muna the Loreminder
    96 | D        | Reached skill level 5 in Earth Magic
    96 | D        | Reached XP level 2. HP: 19/20 MP: 5/5
   214 | D        | Reached * piety under Sif Muna
   215 | D        | Reached skill level 7 in Earth Magic
   215 | D        | Reached XP level 3. HP: 24/26 MP: 3/6
   348 | D        | Noticed a water moccasin
   352 | D        | Killed a water moccasin
   353 | D        | Reached skill level 10 in Earth Magic
   353 | D        | Reached XP level 4. HP: 23/33 MP: 3/7
   353 | D        | Reached ** piety under Sif Muna
   354 | D        | Reached XP level 5. HP: 27/38 MP: 2/8
   495 | D        | Learned a level 3 spell: Stone Arrow
   519 | D        | Learned a level 5 spell: Lee's Rapid Deconstruction
   520 | D        | Noticed a deep elf mage
   521 | D        | Reached *** piety under Sif Muna
   521 | D        | Noticed a fire bat
   522 | D        | Reached skill level 11 in Earth Magic
   531 | D        | Reached **** piety under Sif Muna
   625 | D        | Killed a deep elf mage
   626 | D        | Reached skill level 13 in Earth Magic
   626 | D        | Reached XP level 6. HP: 33/45 MP: 1/17
   626 | D        | Your scales start taking on a fiery red colour.
   626 | D        | Reached XP level 7. HP: 37/50 MP: 1/18
   626 | D        | Gained mutation: Your flesh is heat resistant. (rF+) [Red
                  | Draconian growth]
   736 | D        | Learned a level 4 spell: Petrify
   748 | D        | Killed a fire bat
   796 | D        | Reached ***** piety under Sif Muna
   796 | D        | Received a gift from Sif Muna
   877 | D        | Noticed a merfolk
   879 | D        | Slain by a merfolk

Illustrated notes

Levels and vault maps discovered:
D:        pitsprint [storerooms_1, entrance_room_1, metal_vault_4, armoury_1,
          mini_pit_1, grid_room_1, main_hall_1, silver_pit, the_coven_1,
          the_vestibule_1, steel_vault_3, golden_pit, hallway_of_sentries,
          crystal_vault_3, iron_vault_4, final_vault]

Skill      XL: |  1  2  3  4  5  6  7 |
---------------+----------------------+-----
Earth Magic    | 5 7 10 13 | 13.8
Spellcasting   | 8 9 |  9.2
Dodging        | |  1.7
Stealth        | |  1.7
Transmutations | |  1.0

Action                   |  1- 3 |  4- 6 |  7- 9 || total
-------------------------+-------+-------+-------++-------
Melee: Hand axe          |     8 |     6 |       ||    14
       Quarterstaff      |       |     1 |       ||     1
 Cast: Sandblast         |     7 |     6 |       ||    13
       Lee's Rapid Decon |       |     3 |     4 ||     7
 Stab: Sleeping          |     1 |       |       ||     1
Armor: Skin              |     2 |     2 |       ||     4
Dodge: Dodged            |    11 |     7 |     1 ||    19

Table legend: (Time is in decaauts)
 A = Elapsed time spent in this place.
 B = Non-inter-level travel time spent in this place.
 C = Inter-level travel time spent in this place.
 D = Time resting spent in this place.
 E = Time spent auto-exploring this place.
 F = Levels seen in this place.
 G = Mean time per level.
                   A        B        C        D        E       F      G
               +--------+--------+--------+--------+--------+-----+--------+
         Total |    882 |    882 |      0 |    589 |      0 |   1 |  882.0 |
       Dungeon |    882 |    882 |      0 |    589 |      0 |   1 |  882.0 |
               +--------+--------+--------+--------+--------+-----+--------+

Top non-repeatable levels by time:
       D: 882 daAuts
